| TOP OF THE 1ST |
|
Peoria Chiefs batting - Pitching for Dayton Dragons : LHP Jason St. Clair
|
|
Pitching: LHP Jason St. Clair
|
|
|
Batting: LHB Tsutomu Miyahara
|
0-0: SINGLE (Flyball, 4D, EV 92.5 MPH)
|
|
Batting: RHB Tommy Tracy
|
0-0: Grounds into double play, 5-4-3 (Groundball, 5L, EV 81.2 MPH)
|
|
Batting: RHB Jonathan Davis
|
0-0: Foul Ball, location: 2F 0-1: Ball 1-1: Swinging Strike 1-2: Fly out, F7 (Line Drive, 7S, EV 91.9 MPH)
|
| Top of the 1st over - 0 runs, 1 hit, 0 errors, 0 left on base; Peoria 0 - Dayton 0 |
| BOTTOM OF THE 1ST |
|
Dayton Dragons batting - Pitching for Peoria Chiefs : RHP Ben Cook
|
|
Pitching: RHP Ben Cook
|
|
|
Batting: RHB Jake Savell
|
0-0: Ball 1-0: Swinging Strike 1-1: Called Strike 1-2: Strikes out swinging
|
|
Batting: LHB Chris Redhead
|
0-0: Called Strike 0-1: Ball 1-1: Ground out 5-3 (Groundball, 15, EV 86.2 MPH)
|
|
Batting: RHB Andy Bachman
|
0-0: Ball 1-0: Ball 2-0: Ground out 6-3 (Groundball, 56, EV 105.6 MPH)
|
| Bottom of the 1st over - 0 runs, 0 hits, 0 errors, 0 left on base; Peoria 0 - Dayton 0 |
| TOP OF THE 2ND |
|
Peoria Chiefs batting - Pitching for Dayton Dragons : LHP Jason St. Clair
|
|
Batting: SHB Gerardo Macias
|
0-0: Ball 1-0: Foul Ball, location: 2F 1-1: Hit by Pitch
|
|
Batting: RHB Edgar Landim
|
0-0: Ball 1-0: Ball 2-0: Fielders Choice at 2nd, 1-6 (Groundball, 34S, EV 70.6 MPH)
|
|
Batting: RHB Kalidas Mishra
|
0-0: Ball 1-0: Foul Ball, location: 2F 1-1: Swinging Strike 1-2: Strikes out swinging
|
|
Batting: RHB Alex Melgoza
|
0-0: Foul Ball, location: 2F 0-1: Ball 1-1: Foul Ball, location: 2F 1-2: Strikes out swinging
|
| Top of the 2nd over - 0 runs, 0 hits, 0 errors, 1 left on base; Peoria 0 - Dayton 0 |
| BOTTOM OF THE 2ND |
|
Dayton Dragons batting - Pitching for Peoria Chiefs : RHP Ben Cook
|
|
Batting: LHB Matt Kennedy
|
0-0: Ball 1-0: Ball 2-0: Ball 3-0: Ground out 6-3 (Groundball, 6, EV 93.8 MPH)
|
|
Batting: RHB Juan Zamora
|
0-0: Foul Ball, location: 2F 0-1: Called Strike 0-2: Strikes out swinging
|
|
Batting: RHB Mark Williams
|
0-0: Swinging Strike 0-1: Foul Ball, location: 2F 0-2: Ball 1-2: Foul Ball, location: 2F 1-2: Foul Ball, location: 2F 1-2: Ground out 5-3 (Groundball, 56S, EV 84.4 MPH)
|
| Bottom of the 2nd over - 0 runs, 0 hits, 0 errors, 0 left on base; Peoria 0 - Dayton 0 |
| TOP OF THE 3RD |
|
Peoria Chiefs batting - Pitching for Dayton Dragons : LHP Jason St. Clair
|
|
Batting: RHB Richard Riggs
|
0-0: Swinging Strike 0-1: Ball 1-1: Swinging Strike 1-2: Ball 2-2: Hit by Pitch
|
|
Batting: SHB Hank Arias
|
0-0: Called Strike 0-1: Foul Ball, location: 2F 0-2: Foul Ball, location: 2F 0-2: Ball 1-2: Foul Ball, location: 2F 1-2: Strikes out looking
|
|
Batting: LHB Tsutomu Miyahara
|
0-0: Foul Ball, location: 2F 0-1: Ball 1-1: Ball 2-1: Foul Ball, location: 2F 2-2: SINGLE (Line Drive, 9S, EV 95.6 MPH) Richard Riggs to second Runner from 2nd tries for 3rd, SAFE, throw by RF made to third
|
|
Batting: RHB Tommy Tracy
|
0-0: Called Strike 0-1: DOUBLE (Line Drive, 89D, EV 103.8 MPH) Richard Riggs scores Tsutomu Miyahara to third
|
|
Batting: RHB Jonathan Davis
|
0-0: Ball 1-0: Called Strike 1-1: Swinging Strike 1-2: SINGLE (Flyball, 8LS, EV 90.6 MPH) Tsutomu Miyahara scores Tommy Tracy to third
|
|
Batting: RHB Josh Broome
|
0-0: Ball 1-0: Ball 2-0: Foul Ball, location: 2F 2-1: Ball 3-1: Foul Ball, location: 2F 3-2: Strikes out swinging
|
|
Batting: RHB Edgar Landim
|
0-0: Ball 1-0: Called Strike 1-1: Ball 2-1: Ground out 4-3 (Groundball, 34, EV 78.1 MPH)
|
| Top of the 3rd over - 2 runs, 3 hits, 0 errors, 2 left on base; Peoria 2 - Dayton 0 |
| BOTTOM OF THE 3RD |
|
Dayton Dragons batting - Pitching for Peoria Chiefs : RHP Ben Cook
|
|
Batting: LHB Jeremy Robertson
|
0-0: Ball 1-0: Ground out 6-3 (Groundball, P, EV 88.1 MPH)
|
|
Batting: RHB Ernie Maldonado
|
0-0: Foul Ball, location: 2F 0-1: DOUBLE (Line Drive, 5D, EV 101.2 MPH)
|
|
Batting: RHB Yutaka Sato
|
0-0: Foul Ball, location: 2F 0-1: Ball 1-1: Ground out 5-3 (Groundball, 56S, EV 86.9 MPH)
|
|
Batting: RHB Jake Savell
|
0-0: Ground out 6-3 (Groundball, 6, EV 103.1 MPH)
|
| Bottom of the 3rd over - 0 runs, 1 hit, 0 errors, 1 left on base; Peoria 2 - Dayton 0 |
| TOP OF THE 4TH |
|
Peoria Chiefs batting - Pitching for Dayton Dragons : LHP Jason St. Clair
|
|
Batting: RHB Kalidas Mishra
|
0-0: Ball 1-0: Foul Ball, location: 2F 1-1: Ball 2-1: Called Strike 2-2: Ball 3-2: Reached on error, E4 (Groundball, 4, EV 86.9 MPH)
|
|
Batting: RHB Alex Melgoza
|
0-0: Foul Ball, location: 2F 0-1: Ball 1-1: Ball 2-1: Ball 3-1: Base on Balls Kalidas Mishra to second
|
|
Batting: RHB Richard Riggs
|
0-0: Called Strike 0-1: Ball 1-1: Ball 2-1: Ball 3-1: Foul Ball, location: 2F 3-2: Base on Balls Kalidas Mishra to third Alex Melgoza to second
|
|
Batting: SHB Hank Arias
|
0-0: Called Strike 0-1: Ball 1-1: Foul Ball, location: 2F 1-2: Foul Ball, location: 2F 1-2: Strikes out looking
|
|
Batting: LHB Tsutomu Miyahara
|
0-0: Foul Ball, location: 2F 0-1: Fly out, F9 (Flyball, 9D, EV 103.8 MPH) Runner from 3rd tags up, SCORES, no throw by RF Alex Melgoza to third
|
|
Batting: RHB Tommy Tracy
|
0-0: Swinging Strike 0-1: Ball 1-1: Foul Ball, location: 2F 1-2: Ball 2-2: TRIPLE (Flyball, 89XD, EV 105.0 MPH) Alex Melgoza scores Richard Riggs scores
|
|
Pitching: RHP Amador Sadaba
|
|
|
Batting: RHB Jonathan Davis
|
0-0: Ball 1-0: Ball 2-0: Called Strike 2-1: Foul Ball, location: 2F 2-2: Hit by Pitch
|
|
Batting: RHB Josh Broome
|
0-0: Fly out, F8 (Line Drive, 89M, EV 85.6 MPH)
|
| Top of the 4th over - 3 runs, 1 hit, 1 error, 2 left on base; Peoria 5 - Dayton 0 |
| BOTTOM OF THE 4TH |
|
Dayton Dragons batting - Pitching for Peoria Chiefs : RHP Ben Cook
|
|
Batting: LHB Chris Redhead
|
0-0: Ball 1-0: Called Strike 1-1: Called Strike 1-2: Strikes out swinging
|
|
Batting: RHB Andy Bachman
|
0-0: Foul Ball, location: 2F 0-1: Called Strike 0-2: Ground out 5-3 (Groundball, 56S, EV 69.4 MPH)
|
|
Batting: LHB Matt Kennedy
|
0-0: Foul Ball, location: 2F 0-1: Foul Ball, location: 2F 0-2: Ball 1-2: Ball 2-2: Ball 3-2: Ground out 4-3 (Groundball, 4, EV 100.0 MPH)
|
| Bottom of the 4th over - 0 runs, 0 hits, 0 errors, 0 left on base; Peoria 5 - Dayton 0 |
| TOP OF THE 5TH |
|
Peoria Chiefs batting - Pitching for Dayton Dragons : RHP Amador Sadaba
|
|
Batting: RHB Edgar Landim
|
0-0: Called Strike 0-1: Foul Ball, location: 2F 0-2: Ground out 1-3 (Groundball, 34S, EV 63.1 MPH)
|
|
Batting: RHB Kalidas Mishra
|
0-0: Ball 1-0: Called Strike 1-1: Fly out, F9 (Flyball, 89D, EV 88.1 MPH)
|
|
Batting: RHB Alex Melgoza
|
0-0: Called Strike 0-1: Ball 1-1: Ball 2-1: Called Strike 2-2: Ball 3-2: Base on Balls
|
|
Batting: RHB Richard Riggs
|
0-0: Ball 1-0: Ground out U3 (Groundball, 34S, EV 77.5 MPH)
|
| Top of the 5th over - 0 runs, 0 hits, 0 errors, 1 left on base; Peoria 5 - Dayton 0 |
| BOTTOM OF THE 5TH |
|
Dayton Dragons batting - Pitching for Peoria Chiefs : RHP Ben Cook
|
|
Batting: RHB Juan Zamora
|
0-0: Foul Ball, location: 2F 0-1: Foul Ball, location: 2F 0-2: Ball 1-2: Fly out, F8 (Flyball, 8RD, EV 106.9 MPH)
|
|
Batting: RHB Mark Williams
|
0-0: Ground out 6-3 (Groundball, 6, EV 104.4 MPH)
|
|
Batting: LHB Jeremy Robertson
|
0-0: Swinging Strike 0-1: Ball 1-1: Reached on error, E6 (Groundball, 6M, EV 85.0 MPH)
|
|
Batting: RHB Ernie Maldonado
|
0-0: Called Strike 0-1: Ball 1-1: Foul Ball, location: 2F 1-2: Ball 2-2: Foul Ball, location: 2F 2-2: Foul Ball, location: 2F 2-2: Strikes out swinging
|
| Bottom of the 5th over - 0 runs, 0 hits, 1 error, 1 left on base; Peoria 5 - Dayton 0 |
| TOP OF THE 6TH |
|
Peoria Chiefs batting - Pitching for Dayton Dragons : RHP Amador Sadaba
|
|
Batting: SHB Hank Arias
|
0-0: Foul Ball, location: 2F 0-1: Called Strike 0-2: Ball 1-2: Ball 2-2: Ball 3-2: Base on Balls
|
|
Batting: LHB Tsutomu Miyahara
|
0-0: Called Strike Hank Arias steals 2nd base (no throw) 0-1: DOUBLE (Flyball, 8LXD, EV 93.1 MPH) Hank Arias scores
|
|
Batting: RHB Tommy Tracy
|
0-0: Ball Tsutomu Miyahara steals 3rd base 1-0: Foul Ball, location: 2F 1-1: Swinging Strike 1-2: Foul Ball, location: 2F 1-2: Ball 2-2: Foul Ball, location: 2F 2-2: Fly out, F7 (Flyball, 7S, EV 86.9 MPH)
|
|
Batting: RHB Jonathan Davis
|
0-0: Called Strike 0-1: Swinging Strike 0-2: Foul Ball, location: 2F 0-2: Ground out 3-1 (Groundball, 34, EV 101.9 MPH) Tsutomu Miyahara scores
|
|
Batting: RHB Josh Broome
|
0-0: Ball 1-0: Called Strike 1-1: Ball 2-1: Called Strike 2-2: Foul Ball, location: 2F 2-2: SOLO HOME RUN (Flyball, 7D, EV 94.4 MPH), Distance : 364 ft
|
|
Pitching: RHP Jalen Patterson
|
|
|
Batting: RHB Edgar Landim
|
0-0: Called Strike 0-1: Ball 1-1: Swinging Strike 1-2: Strikes out swinging, 2-3 out at first.
|
| Top of the 6th over - 3 runs, 2 hits, 0 errors, 0 left on base; Peoria 8 - Dayton 0 |
| BOTTOM OF THE 6TH |
|
Dayton Dragons batting - Pitching for Peoria Chiefs : RHP Ben Cook
|
|
Batting: RHB Yutaka Sato
|
0-0: Called Strike 0-1: Foul Ball, location: 2F 0-2: Ball 1-2: Ball 2-2: Foul Ball, location: 2F 2-2: Ball 3-2: Foul Ball, location: 2F 3-2: Ground out 6-3 (Groundball, 6, EV 87.5 MPH)
|
|
Batting: RHB Jake Savell
|
0-0: Called Strike 0-1: Called Strike 0-2: Ball 1-2: Strikes out swinging
|
|
Batting: LHB Chris Redhead
|
0-0: Ball 1-0: Ball 2-0: Ball 3-0: Called Strike 3-1: Called Strike 3-2: SINGLE (Flyball, 8LS, EV 88.1 MPH)
|
|
Batting: RHB Andy Bachman
|
0-0: Fly out, F9 (Flyball, 9S, EV 93.8 MPH)
|
| Bottom of the 6th over - 0 runs, 1 hit, 0 errors, 1 left on base; Peoria 8 - Dayton 0 |
| TOP OF THE 7TH |
|
Peoria Chiefs batting - Pitching for Dayton Dragons : RHP Jalen Patterson
|
|
Batting: RHB Kalidas Mishra
|
0-0: Foul Ball, location: 2F 0-1: Called Strike 0-2: Ball 1-2: Foul Ball, location: 2F 1-2: Fly out, F8 (Flyball, 8RM, EV 95.0 MPH)
|
|
Batting: RHB Alex Melgoza
|
0-0: Ball 1-0: Ball 2-0: Called Strike 2-1: Ball 3-1: Base on Balls
|
|
Batting: RHB Richard Riggs
|
0-0: Ball 1-0: Foul Ball, location: 2F 1-1: Ball 2-1: Ball 3-1: DOUBLE (Line Drive, 3D, EV 106.9 MPH) Alex Melgoza to third
|
|
Batting: SHB Hank Arias
|
0-0: Called Strike 0-1: Ball 1-1: Called Strike 1-2: Strikes out swinging
|
|
Batting: LHB Tsutomu Miyahara
|
0-0: Swinging Strike 0-1: Called Strike 0-2: Ball 1-2: Foul Ball, location: 2F 1-2: Strikes out swinging
|
| Top of the 7th over - 0 runs, 1 hit, 0 errors, 2 left on base; Peoria 8 - Dayton 0 |
| BOTTOM OF THE 7TH |
|
Dayton Dragons batting - Pitching for Peoria Chiefs : RHP Ben Cook
|
|
Pinch Hitting: LHB Tim Kirk
|
0-0: Ground out 4-3 (Groundball, 4, EV 86.2 MPH)
|
|
Batting: RHB Juan Zamora
|
0-0: Ball 1-0: Ground out 4-3 (Groundball, 4, EV 85.0 MPH)
|
|
Batting: RHB Mark Williams
|
0-0: Ball 1-0: Called Strike 1-1: Foul Ball, location: 2F 1-2: SINGLE (Groundball, 56, EV 100.6 MPH) (infield hit)
|
|
Batting: LHB Jeremy Robertson
|
0-0: Ball Mark Williams steals 2nd base (no throw) 1-0: SINGLE (Flyball, 5D, EV 90.6 MPH) Mark Williams to third Runner from 3rd tries for Home, throw by LF and OUT! 7-2
|
| Bottom of the 7th over - 0 runs, 2 hits, 0 errors, 1 left on base; Peoria 8 - Dayton 0 |
| TOP OF THE 8TH |
|
Peoria Chiefs batting - Pitching for Dayton Dragons : RHP Jalen Patterson
|
|
Pitching: RHP Ken Armstrong
|
|
|
Now in RF: Tim Kirk
|
|
|
Batting: RHB Tommy Tracy
|
0-0: Ball 1-0: Ball 2-0: Foul Ball, location: 2F 2-1: Foul Ball, location: 2F 2-2: Ball 3-2: Foul Ball, location: 2F 3-2: Strikes out swinging
|
|
Batting: RHB Jonathan Davis
|
0-0: Called Strike 0-1: Ball 1-1: Ground out 3-1 (Groundball, 13, EV 90.0 MPH)
|
|
Batting: RHB Robby Hickman
|
0-0: Ball 1-0: Swinging Strike 1-1: Foul Ball, location: 2F 1-2: Strikes out swinging
|
| Top of the 8th over - 0 runs, 0 hits, 0 errors, 0 left on base; Peoria 8 - Dayton 0 |
| BOTTOM OF THE 8TH |
|
Dayton Dragons batting - Pitching for Peoria Chiefs : RHP Ben Cook
|
|
Batting: RHB Ernie Maldonado
|
0-0: Ball 1-0: Ground out 5-3 (Groundball, 5S, EV 90.6 MPH)
|
|
Pinch Hitting: LHB Leo Gomez
|
0-0: Called Strike 0-1: Ball 1-1: Ground out 1-3 (Groundball, 13S, EV 64.4 MPH)
|
|
Batting: RHB Jake Savell
|
0-0: Ball 1-0: Foul Ball, location: 2F 1-1: Ball 2-1: Ball 3-1: Foul Ball, location: 2F 3-2: Base on Balls
|
|
Pitching: RHP T.J. Stahlman
|
|
|
Batting: LHB Chris Redhead
|
0-0: Called Strike 0-1: Foul Ball, location: 2F 0-2: Ball 1-2: Ball 2-2: Foul Ball, location: 2F 2-2: 2-RUN HOME RUN (Flyball, 7LD, EV 94.4 MPH), Distance : 345 ft
|
|
Batting: RHB Andy Bachman
|
0-0: Swinging Strike 0-1: Ball 1-1: Ball 2-1: Swinging Strike 2-2: Foul Ball, location: 2F 2-2: Foul Ball, location: 2F 2-2: Strikes out swinging wild pitch, reaches first!
|
|
Batting: LHB Tim Kirk
|
0-0: Ball 1-0: Foul Ball, location: 2F 1-1: Called Strike 1-2: Ball 2-2: Ground out 4-3 (Groundball, 34, EV 103.1 MPH)
|
| Bottom of the 8th over - 2 runs, 1 hit, 0 errors, 1 left on base; Peoria 8 - Dayton 2 |
| TOP OF THE 9TH |
|
Peoria Chiefs batting - Pitching for Dayton Dragons : RHP Ken Armstrong
|
|
Now at 3B: Aaron Barraza
|
|
|
Batting: RHB Edgar Landim
|
0-0: Ball 1-0: Ball 2-0: Foul Ball, location: 2F 2-1: Ball 3-1: Foul Ball, location: 2F 3-2: Strikes out swinging
|
|
Batting: RHB Kalidas Mishra
|
0-0: Called Strike 0-1: Ball 1-1: Ground out 1-3 (Groundball, 13S, EV 66.9 MPH)
|
|
Batting: RHB Alex Melgoza
|
0-0: Called Strike 0-1: Ball 1-1: Swinging Strike 1-2: Ball 2-2: Foul Ball, location: 2F 2-2: Foul Ball, location: 2F 2-2: Foul Ball, location: 2F 2-2: Strikes out swinging
|
| Top of the 9th over - 0 runs, 0 hits, 0 errors, 0 left on base; Peoria 8 - Dayton 2 |
| BOTTOM OF THE 9TH |
|
Dayton Dragons batting - Pitching for Peoria Chiefs : RHP T.J. Stahlman
|
|
Batting: RHB Juan Zamora
|
0-0: Ball 1-0: Swinging Strike 1-1: Foul Ball, location: 2F 1-2: Fly out, F6 (Flyball, 6MD, EV 85.6 MPH)
|
|
Batting: RHB Mark Williams
|
0-0: Called Strike 0-1: Ball 1-1: Ball 2-1: Ground out 4-3 (Groundball, 4MD, EV 86.9 MPH)
|
|
Batting: LHB Jeremy Robertson
|
0-0: Called Strike 0-1: Ball 1-1: Ball 2-1: Foul Ball, location: 2F 2-2: SINGLE (Groundball, 4D, EV 107.5 MPH)
|
|
Batting: RHB Ernie Maldonado
|
0-0: Ball 1-0: Foul Ball, location: 2F 1-1: SINGLE (Groundball, 4MD, EV 106.9 MPH) Jeremy Robertson to second
|
|
Batting: RHB Aaron Barraza
|
0-0: Ball 1-0: Ground out 4-3 (Groundball, 4S, EV 91.2 MPH)
|
| Bottom of the 9th over - 0 runs, 2 hits, 0 errors, 2 left on base; Peoria 8 - Dayton 2 |
|